 Dungeon Crawl Stone Soup version 0.17.2 (webtiles) character file.

153 Goblin1989 the Insei (level 5, 0/27 HPs)
             Began as a Vine Stalker Monk on May 16, 2016.
             Succumbed to an orc wizard's poison
             ... on level 4 of the Dungeon.
             The game lasted 00:07:19 (836 turns).

Goblin1989 the Insei (Vine Stalker Monk)             Turns: 836, Time: 00:07:19

Health: 0/27       AC:  2    Str: 11 (14) XL:     5   Next: 35%
Magic:  6/6        EV: 13    Int: 15      God:
Gold:   95         SH:  0    Dex: 17      Spells: 0 memorised, 4 levels left

rFire  + . .     SeeInvis .       - Unarmed
rCold  . . .     Clarity  .     a - +0 robe
rNeg   . . .     SustAt   .     (no shield)
rPois  .         Gourm    .     (no helmet)
rElec  .         Spirit   +     (no cloak)
rCorr  .         Warding  .     (no gloves)
rMut   .         Stasis   .     (no boots)
MR     .....                    (no amulet)
Stlth  ++........               (no ring)
                                f - ring of protection from fire {rF+, !d}

@: brilliant, lethally poisoned (0 -> -4), about to teleport, not resistant to
hostile enchantments, unstealthy
A: fangs 2, regeneration 1, magic shield, antimagic bite, no device heal 3, rot
immunity
a: no special abilities


You were on level 4 of the Dungeon.
You were not hungry.

You visited 1 branch of the dungeon, and saw 4 of its levels.

You collected 95 gold pieces.

Inventory:

Armour
 a - a +0 robe (worn)
Jewellery
 f - a ring of protection from fire (left hand) {rF+, !d}
 x - an uncursed ring of stealth {Stlth+}
Wands
 g - a wand of polymorph (11)
Scrolls
 d - 2 scrolls of teleportation
 l - 4 scrolls of identify
 n - a scroll of recharging {unknown}
Comestibles
 b - 2 bread rations
 c - 3 meat rations


   Skills:
 - Level 2.6 Fighting
 - Level 2.4 Dodging
 - Level 2.4 Stealth
 * Level 6.4 Unarmed Combat


You had 4 spell levels left.
You didn't know any spells.

Dungeon Overview and Level Annotations

Branches:
Dungeon (4/15)
 Temple: D:4-7

Altars:


Innate Abilities, Weirdness & Mutations

You have extremely sharp teeth.
Your natural rate of healing is unusually fast.
When hurt, damage is shared between your health and your magic reserves.
Your bite disrupts and absorbs the magic of your enemies.
Potions and wands cannot restore your health.
You are immune to rotting.


Message History

* * * LOW HITPOINT WARNING * * *
You feel sick.
You take 2 damage, and have 2/27 hp.
Read which item? (? for menu, Esc to quit)
As you read the scroll labeled WYDWIU UNIB, it crumbles to dust.
It is a scroll of identify.
Identify which item? (\ to view known items) (? for menu, Esc to quit)
o - an uncursed ring of stealth;
x - an uncursed ring of stealth
* * * LOW HITPOINT WARNING * * *
You feel sick.
Read which item? (? for menu, Esc to quit)
As you read the scroll labeled OSTRUT SYBATHRAG, it crumbles to dust.
You feel forgetful for a moment.
It was a scroll of amnesia.
* * * LOW HITPOINT WARNING * * *
You feel sick.
You take 1 damage, and have 1/27 hp.
Read which item? (? for menu, Esc to quit)
As you read the scroll labeled YDWIRPHEPPEH, it crumbles to dust.
You feel strangely unstable.
It was a scroll of teleportation.
You die...

##+## #.# ##...## #.#
##.....## #.##
##.......## #..##
##.........####...##
.'...<.....'.......###
##...(.....##........#
##.......###....###.#
##.....## #...@###.# #
##...## #....)...# #
##+## ####.##### # #.#
#.# # #.# #.#
######.## #.#
...##...## #.#
##.#...<.# #.#
##.##...## #.#


There were no monsters in sight!

Vanquished Creatures
  An orc wizard (D:4)
  7 gnolls (D:2)
  An adder (D:3)
  A shadow imp (D:4)
  An ooze (D:1)
  A giant gecko (D:2)
  3 orcs
  5 bats
  A giant cockroach (D:1)
  3 goblins
  2 hobgoblins
  3 jackals (D:3)
  4 giant newts
  2 kobolds (D:1)
35 creatures vanquished.

Notes
Turn   | Place    | Note
--------------------------------------------------------------
     0 | D:1      | Goblin1989 the Vine Stalker Monk began the quest for the Orb.
     0 | D:1      | Reached XP level 1. HP: 11/11 MP: 2/2
    92 | D:1      | Reached XP level 2. HP: 16/16 MP: 3/3
   212 | D:3      | Reached skill level 5 in Unarmed Combat
   212 | D:3      | Reached XP level 3. HP: 19/19 MP: 4/4
   376 | D:2      | Reached XP level 4. HP: 9/23 MP: 2/5
   631 | D:2      | Reached skill level 6 in Unarmed Combat
   635 | D:2      | Reached XP level 5. HP: 16/27 MP: 6/6
   835 | D:4      | HP: 1/27 [poisoned by an orc wizard]
   836 | D:4      | Succumbed to an orc wizard's poison

Action                   |  1- 3 |  4- 6 || total
-------------------------+-------+-------++-------
Melee: Unarmed           |    75 |    49 ||   124
  Use: Potion            |       |     5 ||     5
       Scroll            |       |     3 ||     3
 Stab: Sleeping          |     4 |     2 ||     6
